[Event "African Online-ch Women 2021"]
[Site "Online"]
[Date "2021.02.01"]
[Round "9.7"]
[White "Botlhole, Kgalalelo"]
[Black "Castro, Neusa Aridas De"]
[Result "1-0"]
[ECO "A14"]
[WhiteElo "1705"]
[BlackElo "1512"]
[Annotator "NA RC"]
[PlyCount "79"]
[EventDate "2021.02.01"]
[EventType "swiss"]
[EventCountry "NET"]
[SourceTitle "playchess.com"]
[Source "ChessBase"]
[SourceQuality "1"]
[TimeControl "1500+10"]

1. c4 e6 2. g3 d5 3. Bg2 Nf6 4. Nf3 Be7 5. O-O O-O 6. b3 Nbd7 7. Bb2 Nb6 8. d4 dxc4 9. Nc3 cxb3 10. Qxb3 Bd7 11. Ne5 Bc8 12. Rfd1 Rb8 13. Rac1 Nfd5 14. e4 Nxc3 15. Rxc3 Bf6 16. Nf3 Bd7 17. Rdc1 Be7 18. Qc2 Bc6 19. Ne5 Ba4 20. Qd3 c6 21. Qe3 Bb4 22. Rd3 Bb5 23. Rdd1 f6 24. Nd3 Be7 25. Nc5 Nc4 26. Qb3 Bxc5 27. dxc5 Qe7 28. Rxc4 Bxc4 29. Qxc4 Kh8 30. e5 f5 31. Rd6 Rfd8 32. Bf1 a6 33. Rxe6 Qf8 34. Rd6 Re8 35. Qd4 Qe7 36. Rd7 Qg5 37. f4 Qg6 38. Rd6 Qg4 39. Kg2 h5 40. h3 1-0

[Event "African Online-ch Women 2021"]
[Site "Online"]
[Date "2021.02.01"]
[Round "9.8"]
[White "Maingi, Sasha"]
[Black "Vilhete, Vania Fausto Da T."]
[Result "1/2-1/2"]
[ECO "B52"]
[WhiteElo "1599"]
[BlackElo "1799"]
[Annotator "NA RC"]
[PlyCount "114"]
[EventDate "2021.02.01"]
[EventType "swiss"]
[EventCountry "NET"]
[SourceTitle "playchess.com"]
[Source "ChessBase"]
[SourceQuality "1"]
[TimeControl "1500+10"]

1. e4 c5 2. Nf3 d6 3. Bb5+ Bd7 4. Bxd7+ Nxd7 5. d3 Ngf6 6. O-O e6 7. Re1 Be7 8. Nbd2 O-O 9. Nf1 Qc7 10. Bf4 Rfe8 11. Ng3 Rad8 12. Qc1 e5 13. Bg5 d5 14. exd5 Nxd5 15. Bxe7 Nxe7 16. Qg5 Ng6 17. Nh5 h6 18. Qg4 Qb6 19. b3 Nf6 20. Nxf6+ Qxf6 21. Re4 Re6 22. a4 Rf8 23. Nh4 Nxh4 24. Qxh4 Qxh4 25. Rxh4 f5 26. Rc4 b6 27. a5 Rfe8 28. axb6 axb6 29. f3 e4 30. fxe4 fxe4 31. dxe4 Rxe4 32. Rxe4 Rxe4 33. Kf2 Kf7 34. Ra7+ Kf6 35. Rb7 Re6 36. Rb8 g6 37. Kf3 Rd6 38. g3 Ke5 39. Ke3 Kf5 40. h3 Re6+ 41. Kf3 Ke5 42. Rd8 h5 43. Rd1 Rf6+ 44. Ke3 b5 45. Rd8 c4 46. bxc4 bxc4 47. Rd1 Ra6 48. Re1 Ra3+ 49. Kd2+ Kf5 50. Re3 Rxe3 51. Kxe3 Ke5 52. c3 g5 53. h4 g4 54. Kf2 Kf5 55. Ke3 Ke5 56. Kf2 Kd5 57. Ke3 Ke5 1/2-1/2

[Event "African Online-ch Women 2021"]
[Site "Online"]
[Date "2021.02.01"]
[Round "9.9"]
[White "Wanjiru, Lucy"]
[Black "Joao, Delfina"]
[Result "1-0"]
[ECO "C02"]
[WhiteElo "1623"]
[BlackElo "1727"]
[Annotator "NA RC"]
[PlyCount "93"]
[EventDate "2021.02.01"]
[EventType "swiss"]
[EventCountry "NET"]
[SourceTitle "playchess.com"]
[Source "ChessBase"]
[SourceQuality "1"]
[TimeControl "1500+10"]

1. e4 e6 2. d4 d5 3. e5 c5 4. c3 Nc6 5. Nf3 Qb6 6. Qb3 Qxb3 7. axb3 cxd4 8. cxd4 Bb4+ 9. Bd2 Bxd2+ 10. Nbxd2 Nb4 11. Bb5+ Bd7 12. Bxd7+ Kxd7 13. O-O Ne7 14. Rfc1 a6 15. Rc3 Rac8 16. g4 Rc6 17. Rxc6 Nexc6 18. Rc1 Rc8 19. Kg2 Nd3 20. Rc3 Nf4+ 21. Kf1 h6 22. Nb1 Nb4 23. Ne1 Na2 24. Rf3 g5 25. Nc3 Nc1 26. Na4 Rc6 27. Nc5+ Kc7 28. Ng2 Nce2 29. Nxf4 Nxf4 30. Rc3 a5 31. Na4 b5 32. Nc5 Kb6 33. h4 Ka7 34. Re3 Rc7 35. h5 Rc8 36. Re1 Rc7 37. Ra1 Kb6 38. b4 a4 39. b3 Ra7 40. bxa4 bxa4 41. Nxa4+ Kb5 42. Nc3+ Kb6 43. Rxa7 Kxa7 44. Nb5+ Kb6 45. Nd6 Kc7 46. Nxf7 Kd7 47. Nxh6 1-0

[Event "African Online-ch Women 2021"]
[Site "Online"]
[Date "2021.02.01"]
[Round "9.10"]
[White "Du Plessis, Anika"]
[Black "Ndirangu, Joyce Nyaruai"]
[Result "0-1"]
[ECO "B70"]
[WhiteElo "1541"]
[BlackElo "1659"]
[Annotator "NA RC"]
[PlyCount "134"]
[EventDate "2021.02.01"]
[EventType "swiss"]
[EventCountry "NET"]
[SourceTitle "playchess.com"]
[Source "ChessBase"]
[SourceQuality "1"]
[TimeControl "1500+10"]

1. e4 c5 2. Nf3 Nc6 3. d4 cxd4 4. Nxd4 g6 5. Nc3 Bg7 6. Nb3 d6 7. Be2 Nf6 8. O-O O-O 9. Bg5 a6 10. Qd2 b5 11. a3 Bb7 12. Rad1 Rc8 13. f3 Qd7 14. Bxf6 Bxf6 15. Nd5 Bxb2 16. Nb6 Qc7 17. Nxc8 Rxc8 18. c4 Qb6+ 19. Kh1 Bxa3 20. cxb5 axb5 21. Qg5 e6 22. Qxb5 Qxb5 23. Bxb5 Ne7 24. Ra1 Bb2 25. Ra7 Rb8 26. Bd7 Nc6 27. Ra2 Bg7 28. Na5 Nxa5 29. Rxa5 Ba8 30. h4 d5 31. exd5 exd5 32. Re1 Bc3 33. Rxa8 Rxa8 34. Re8+ Rxe8 35. Bxe8 Be1 36. h5 Kg7 37. hxg6 Kxg6 38. Kg1 d4 39. Kf1 Bg3 40. Ke2 Kf6 41. Kd3 Ke7 42. Ba4 Bf2 43. Ke4 Kd6 44. Bb3 f6 45. g4 Kc5 46. f4 Kb4 47. Bc2 Kc3 48. Bb1 Be3 49. Kf3 h6 50. Ke4 Bc1 51. Bd3 Bxf4 52. Ba6 Be3 53. Bb5 Kd2 54. Ba6 Ke1 55. Bb5 Kf2 56. Ba6 Kg3 57. Kf5 Bg5 58. Ke4 Kxg4 59. Kxd4 f5 60. Kd3 Kf3 61. Bb7+ Kf2 62. Bc6 h5 63. Bd7 f4 64. Ke4 Kg3 65. Kf5 f3 66. Kxg5 f2 67. Bb5 h4 0-1

[Event "African Online-ch Women 2021"]
[Site "Online"]
[Date "2021.02.01"]
[Round "9.11"]
[White "Rodriguez Guevara, Celia M."]
[Black "Malehloa, Likhomo"]
[Result "1/2-1/2"]
[ECO "C01"]
[WhiteElo "1849"]
[BlackElo "1331"]
[Annotator "NA RC"]
[PlyCount "150"]
[EventDate "2021.02.01"]
[EventType "swiss"]
[EventCountry "NET"]
[SourceTitle "playchess.com"]
[Source "ChessBase"]
[SourceQuality "1"]
[TimeControl "1500+10"]

1. e4 e6 2. d4 d5 3. exd5 exd5 4. Nf3 Nf6 5. g3 Be7 6. Bg2 O-O 7. O-O c6 8. Re1 Bf5 9. Nbd2 Re8 10. Nf1 Nbd7 11. Ne3 Be4 12. Ne5 Bxg2 13. Nxg2 Rc8 14. f4 Ne4 15. c3 f6 16. Nxd7 Qxd7 17. Qh5 Bf8 18. f5 Qf7 19. Qg4 Nd6 20. Bd2 Re4 21. Rxe4 Nxe4 22. Be3 Re8 23. Re1 Nd6 24. Nf4 Re4 25. Qh3 Nc4 26. Bf2 Rxe1+ 27. Bxe1 Nd6 28. Ne6 Ne4 29. Qg4 g6 30. Nf4 Bh6 31. fxg6 hxg6 32. Nxg6 Kh7 33. Nf4 Bxf4 34. Qxf4 Ng5 35. Qf5+ Kg7 36. Qg4 Kf8 37. Bd2 Ne4 38. Bh6+ Ke7 39. Qc8 Nd6 40. Qc7+ Ke6 41. Qxf7+ Nxf7 42. Bf4 Kf5 43. Kf2 Ke4 44. Ke2 Nd8 45. Bb8 a6 46. h4 Ne6 47. Bd6 Kf5 48. Kf3 Ng7 49. g4+ Kg6 50. Kf4 Ne6+ 51. Kf3 Ng7 52. Bf4 Ne6 53. h5+ Kg7 54. Be3 b6 55. h6+ Kg6 56. Kg3 Nf8 57. Kh4 Ne6 58. Bd2 b5 59. Kg3 a5 60. b3 Nf8 61. a4 Ne6 62. axb5 cxb5 63. Be3 Ng5 64. Kf4 Ne4 65. g5 fxg5+ 66. Ke5 Nxc3 67. Bxg5 a4 68. bxa4 b4 69. Bc1 Nxa4 70. Kxd5 b3 71. Ke6 b2 72. Bxb2 Nxb2 73. d5 Nc4 74. d6 Nxd6 75. Kxd6 Kxh6 1/2-1/2

[Event "African Online-ch Women 2021"]
[Site "Online"]
[Date "2021.02.01"]
[Round "9.12"]
[White "Sitoe, Cheila Andre"]
[Black "Ben Said, Safa"]
[Result "1-0"]
[ECO "C54"]
[WhiteElo "1588"]
[BlackElo "1577"]
[Annotator "NA RC"]
[PlyCount "57"]
[EventDate "2021.02.01"]
[EventType "swiss"]
[EventCountry "NET"]
[SourceTitle "playchess.com"]
[Source "ChessBase"]
[SourceQuality "1"]
[TimeControl "1500+10"]

1. e4 e5 2. Nf3 Nc6 3. Bc4 Bc5 4. c3 Nf6 5. d3 h6 6. O-O d6 7. h3 Be6 8. Bb3 d5 9. exd5 Nxd5 10. Re1 Qd6 11. Nbd2 Nf4 12. Ne4 Qe7 13. Nxc5 Qxc5 14. Nxe5 Nd5 15. d4 Qd6 16. Qf3 Nxe5 17. Rxe5 O-O-O 18. Bd2 g5 19. Rae1 Rhg8 20. c4 g4 21. hxg4 Nb6 22. c5 Qxd4 23. cxb6 Qxd2 24. bxa7 Bxg4 25. a8=Q+ Kd7 26. Re7+ Kd6 27. Qa3+ c5 28. Qf6+ Be6 29. Rd1 1-0

[Event "African Online-ch Women 2021"]
[Site "Online"]
[Date "2021.02.01"]
[Round "9.13"]
[White "Namangale, Susan"]
[Black "Jambo, Linda"]
[Result "1-0"]
[ECO "C44"]
[WhiteElo "1344"]
[BlackElo "1478"]
[Annotator "NA RC"]
[PlyCount "87"]
[EventDate "2021.02.01"]
[EventType "swiss"]
[EventCountry "NET"]
[SourceTitle "playchess.com"]
[Source "ChessBase"]
[SourceQuality "1"]
[TimeControl "1500+10"]

1. Nf3 Nc6 2. g3 e5 3. e4 Nf6 4. d3 h6 5. Bg2 Bc5 6. h3 O-O 7. c4 d6 8. O-O Be6 9. Nc3 Qc8 10. Kh2 a6 11. Nd5 Bxd5 12. cxd5 Nd4 13. Be3 Nxf3+ 14. Qxf3 Bxe3 15. fxe3 Qd8 16. g4 Nd7 17. Rac1 Nc5 18. Qe2 Qg5 19. d4 exd4 20. exd4 Nd7 21. Rxc7 Nf6 22. Rxb7 Rae8 23. Rf5 Qc1 24. e5 dxe5 25. dxe5 Qc5 26. d6 Qxd6 27. exd6 Rxe2 28. Kg1 Rd2 29. Rb6 Rd8 30. Rxa6 R8xd6 31. Rxd6 Rxd6 32. b3 Rd1+ 33. Kh2 Rd2 34. a4 Ne4 35. Re5 Nc3 36. Re8+ Kh7 37. Kg3 Ne2+ 38. Kh2 Nf4 39. a5 Rxg2+ 40. Kh1 Ra2 41. Ra8 Nxh3 42. b4 Nf2+ 43. Kg1 Nxg4 44. b5 1-0

[Event "African Online-ch Women 2021"]
[Site "Online"]
[Date "2021.02.01"]
[Round "9.14"]
[White "Leboela, Maboloko"]
[Black "Farnela, Nuzela Zacarias Musi"]
[Result "1-0"]
[ECO "D02"]
[WhiteElo "1296"]
[BlackElo "1431"]
[Annotator "NA RC"]
[PlyCount "117"]
[EventDate "2021.02.01"]
[EventType "swiss"]
[EventCountry "NET"]
[SourceTitle "playchess.com"]
[Source "ChessBase"]
[SourceQuality "1"]
[TimeControl "1500+10"]

1. d4 d5 2. Bf4 Bf5 3. Nf3 e6 4. e3 Nf6 5. Nbd2 c6 6. Be2 Bd6 7. Bg3 h6 8. Nb3 O-O 9. Qd2 Ne4 10. Qd1 Qd7 11. Nbd2 Qe7 12. Nxe4 Bxe4 13. Bd3 Bxd3 14. Qxd3 Nd7 15. Ne5 Nxe5 16. dxe5 Bc7 17. e4 Rac8 18. exd5 cxd5 19. Bf4 Qh4 20. g3 Qh5 21. O-O Bxe5 22. Bxe5 Qxe5 23. c3 Qg5 24. f4 Qg6 25. Qb5 b6 26. Rf3 Qe4 27. Raf1 Rc5 28. Qd7 Ra8 29. f5 a5 30. Qb7 Rb8 31. Qxb8+ Kh7 32. Qxb6 Rc4 33. Qxa5 Qe2 34. R1f2 Qe1+ 35. Kg2 Re4 36. Qa7 d4 37. cxd4 Re2 38. Rxe2 Qxe2+ 39. Rf2 Qe4+ 40. Kg1 Qe1+ 41. Kg2 Qe4+ 42. Kh3 h5 43. fxe6 Qg4+ 44. Kg2 Qe4+ 45. Kf1 Qb1+ 46. Ke2 Qc2+ 47. Ke3 Qc1+ 48. Rd2 Qe1+ 49. Kd3 Qb1+ 50. Kc3 Qc1+ 51. Rc2 Qe3+ 52. Kb4 Qxe6 53. Qc5 Qxa2 54. d5 Qa8 55. d6 Qb7+ 56. Qb5 Qe4+ 57. Qc4 Qb7+ 58. Kc3 Qf3+ 59. Qd3+ 1-0

[Event "African Online-ch Women 2021"]
[Site "Online"]
[Date "2021.02.01"]
[Round "9.15"]
[White "Karania, Saloni"]
[Black "Ibtihal Mohammed"]
[Result "1/2-1/2"]
[ECO "A30"]
[WhiteElo "1304"]
[BlackElo "1491"]
[Annotator "NA RC"]
[PlyCount "114"]
[EventDate "2021.02.01"]
[EventType "swiss"]
[EventCountry "NET"]
[SourceTitle "playchess.com"]
[Source "ChessBase"]
[SourceQuality "1"]
[TimeControl "1500+10"]

1. d4 c5 2. c4 cxd4 3. Qxd4 Nc6 4. Qd1 g6 5. Nc3 Bg7 6. Qc2 d6 7. e3 Bf5 8. Qd2 Nb4 9. e4 Be6 10. a3 Nc6 11. Nf3 Rc8 12. b3 Nf6 13. Bb2 O-O 14. Bd3 Bg4 15. Qf4 Bxf3 16. Qxf3 Nd4 17. Qe3 Nxb3 18. Rd1 Nc5 19. Bb1 Ng4 20. Qf4 Ne5 21. O-O Nxc4 22. Ba1 Nxa3 23. Ba2 Nc2 24. Bb2 Nb4 25. Bb1 Ne6 26. Qd2 Qb6 27. Na4 Qb5 28. Nc3 Qa5 29. Bd3 Nxd3 30. Qxd3 Bxc3 31. Ra1 Qb4 32. Ba3 Qd4 33. Qxd4 Bxd4 34. Rab1 b6 35. Kh1 Rc3 36. Bb2 Rb3 37. Bxd4 Rxb1 38. Rxb1 Nxd4 39. h3 Rc8 40. Rd1 e5 41. Kh2 Rc2 42. Kg3 b5 43. f3 b4 44. Rb1 b3 45. f4 a5 46. f5 gxf5 47. exf5 a4 48. f6 a3 49. Ra1 a2 50. h4 h6 51. Kh3 b2 52. Rxa2 b1=Q 53. Ra8+ Kh7 54. Ra3 Qh1+ 55. Kg4 Qxg2+ 56. Rg3 h5+ 57. Kxh5 Qxg3 1/2-1/2